 Dungeon Crawl Stone Soup version 0.14-a0-2071-g7172c92 (webtiles) character file.

181 HollowCharge the Ducker (level 3, 16/16 HPs)
             Began as a Felid Monk on Jan 23, 2014.
             Got out of the dungeon alive.
             The game lasted 00:08:32 (1913 turns).

HollowCharge the Ducker (Felid Monk)                Turns: 1913, Time: 00:08:32

HP  16/16        AC  1     Str  7      XL: 3   Next: 33%
MP   5/5         EV 20     Int 11      God:
Gold 139         SH  0     Dex 19      Spells:  0 memorised,  2 levels left
Lives: 0, deaths: 0

rFire  . . .     SeeInvis +       - Unarmed
rCold  . . .     Clarity  .     (armour unavailable)
rNeg   . . .     Conserve .     (shield unavailable)
rPois  .         rCorr    .     (helmet unavailable)
rElec  .         rRot     .     (cloak unavailable)
SustAb . .       Spirit   .     (gloves unavailable)
rMut   .         Warding  .     (boots unavailable)
Saprov . . .     Stasis   .     (no amulet)
MR     .....                    (no ring)
                                (no ring)

@: quick, not resistant to hostile enchantments, quite stealthy
A: paw claws, no armour, no advanced items, fangs 3, see invisible, carnivore 3,
speed 1, shaggy fur 1, slow metabolism 1, jump 1
a: Jump Attack


You escaped.
You were hungry.

You visited 1 branch of the dungeon, and saw 2 of its levels.

You collected 139 gold pieces.

Inventory:

Comestibles
 b - 2 meat rations
Scrolls
 a - 2 scrolls of magic mapping {unknown}
 c - 2 scrolls of remove curse {unknown}
 d - a scroll of enchant armour {unknown}
 f - a scroll of fear {unknown}
 g - a scroll of fog {unknown}
 h - a scroll of curse jewellery {unknown}
 i - a scroll of immolation {unknown}
 j - a scroll of identify {unknown}
 k - a scroll of teleportation {unknown}
 l - a scroll of recharging {unknown}
Potions
 e - a potion of agility {unknown}
 m - a potion of curing {unknown}


   Skills:
 + Level 2.4 Fighting
 + Level 4.5 Dodging
 + Level 3.6 Stealth
 + Level 3.4 Unarmed Combat


You had 2 spell levels left.
You didn't know any spells.

Dungeon Overview and Level Annotations

Branches:
Dungeon (2/16)

Altars:
Sif Muna


Innate Abilities, Weirdness & Mutations

You cannot wear armour.
You are incapable of any advanced item manipulation.
Your paws have sharp claws.
You have razor-sharp teeth.
You have supernaturally acute eyesight.
You are carnivorous and can eat meat at any time.
You cover ground quickly.
You are covered in fur (AC +1).
You have a slow metabolism.
You can jump attack at a short distance.


Message History

The adder is severely wounded.
The adder is no longer bleeding.
The adder closely misses you.
You scratch the adder.
You kill the adder!
You see here an adder corpse.
You scratch the hobgoblin.
The hobgoblin begins to bleed from its wounds!
The hobgoblin is almost dead.
The hobgoblin misses you.
You scratch the hobgoblin.
You kill the hobgoblin!
There is a stone staircase leading up here.
You climb upwards.
There is a stone staircase leading down here.
You see here a kobold skeleton.
There is a stone staircase leading down here.
You see here a bat skeleton.
There is a staircase leading out of the dungeon here.
Are you sure you want to leave the Dungeon?
This will make you lose the game!
You have escaped!

≈≈≈≈♣♣.............##
≈P≈♣≈♣######.####...# ≈≈≈P≈≈#
#..(# #%..# ≈≈≈≈≈P♣ #...# #...#
≈≈≈≈≈≈♣ #...## ##..# ≈≈≈≈P♣P#
##...####..####### ≈≈≈≈P≈≈#
#..(##..........# ≈≈≈≈♣♣♣#
#...###########.# ## ≈≈≈≈≈≈♣
######@.#### ##.## #. ≈≈≈≈≈≈♣
###......###...# #. ≈≈≈P≈≈♣
#<..###...##.#.# #. ≈≈≈≈≈♣ #.###
##..%#...### ## ≈≈≈≈≈♣#######<##
##.....##.# ≈≈P≈≈≈......#..#
#...####.#### ≈≈≈P≈♣......##.##
##...###..... ≈≈≈≈≈♣#......#..##
##..(.##.....
P≈≈♣≈........##..####...#.......#


There were no monsters in sight!

Vanquished Creatures
  2 adders (D:2)
  A giant gecko (D:1)
  4 goblins
  3 hobgoblins
  2 jackals (D:1)
  3 bats (D:1)
  3 giant newts (D:1)
  5 kobolds
  4 rats
27 creatures vanquished.

Notes
Turn   | Place    | Note
--------------------------------------------------------------
     0 | D:1      | HollowCharge, the Felid Monk, began the quest for the Orb.
     0 | D:1      | Reached XP level 1. HP: 9/9 MP: 2/2
   520 | D:1      | Reached XP level 2. HP: 2/13 MP: 3/3
  1740 | D:2      | Found a deep blue altar of Sif Muna.
  1799 | D:2      | Reached XP level 3. HP: 16/16 MP: 5/5
  1913 | D:$      | Got out of the dungeon alive.

Action                   || total
-------------------------++-------
Melee: Unarmed           ||    84
 Stab: Sleeping          ||     7
